 Dungeon Crawl Stone Soup version 0.21.0-3-g78d12a8 (webtiles) character file.

9 tidbits the Skirmisher (level 2, -6/21 HPs)
             Began as an Octopode Abyssal Knight on Jan 9, 2018.
             Was an Initiate of Lugonu.
             Mangled by a worm (12 damage)
             ... on level 2 of the Dungeon.
             The game lasted 00:04:35 (834 turns).

tidbits the Skirmisher (Octopode Abyssal Knight)     Turns: 834, Time: 00:04:36

Health: -6/21      AC:  1    Str: 11    XL:     2   Next: 12%
Magic:  3/3        EV: 13    Int: 14    God:    Lugonu [......]
Gold:   34         SH:  0    Dex: 11    Spells: 1/1 levels left

rFire    . . .     SeeInvis .   a - +1 short sword
rCold    . . .     Gourm    .   (no shield)
rNeg     . . .     Faith    .   (helmet restricted)
rPois    .         Spirit   .   (no amulet)
rElec    .         Reflect  .   (no ring)
rCorr    .         Harm     .   (no ring)
MR       .....                  (no ring)
Stlth    ++........             (no ring)
HPRegen  0.07/turn              (no ring)
MPRegen  0.08/turn              (no ring)
                                (no ring)
                                (no ring)

@: no status effects
A: almost no armour, stealthy swim, amphibious, 8 rings, constrict 8, camouflage
1, gelatinous body 1
a: Renounce Religion


You were on level 2 of the Dungeon.
You worshipped Lugonu.
Lugonu was noncommittal.
You were not hungry.

You visited 1 branch of the dungeon, and saw 3 of its levels.
You visited the Abyss 1 time.

You collected 34 gold pieces.

Inventory:

Hand Weapons
 a - a +1 short sword (weapon)
 g - a +0 dagger
Scrolls
 c - a scroll of noise {unknown}
 d - 2 scrolls of fog {unknown}
 h - a scroll of remove curse {unknown}
 i - 3 scrolls of identify {unknown}
 l - a scroll of amnesia {unknown}
Potions
 e - a potion of flight {unknown}
 f - a potion of lignification {unknown}
 j - a potion of invisibility {unknown}
 k - a potion of cancellation {unknown}
 m - a potion of heal wounds {unknown}
Comestibles
 b - 3 rations


   Skills:
 - Level 3.1 Fighting
 - Level 2.2 Short Blades
 - Level 2.5 Dodging
 + Level 0.2 Stealth
 - Level 2.2 Invocations


You had one spell level left.
You didn't know any spells.

Dungeon Overview and Level Annotations

Branches:
Dungeon (3/15)

Altars:

Annotations:
D:1 1 runed door


Innate Abilities, Weirdness & Mutations

You cannot wear most types of armour.
You are very stealthy in the water. (Stealth+)
You are amphibious.
You can wear up to eight rings at the same time.
You can use your tentacles to constrict eight enemies at once.
Your skin changes colour to match your surroundings (Stealth+).
Your rubbery body absorbs attacks. (AC +1, EV +1)


Message History

j - a smoky blue potion You open the door.
There is an open door here.
There is a stone staircase leading up here.
You climb upwards.
Level annotation: 1 runed door
There is a stone staircase leading down here. 2 rats come into view.
The helpless rat fails to defend itself.
You hit the rat.
You kill the rat!
Lugonu accepts your kill.
You barely miss the rat. Your grab misses the rat. Your squeeze misses the rat.
The rat bites you.
You hit the rat.
You kill the rat!
Lugonu accepts your kill.
i - 3 scrolls labeled SAWKUI ZEAVISCH (gained 1)
You open the door. You open the door.
There is an open door here.
There is a stone staircase leading down here.
You climb downwards.
There is a stone staircase leading up here.
There is an open door here.
Found 5 gold pieces.
Found a stone staircase leading down.
You now have 27 gold pieces (gained 5).
There is a stone staircase leading down here.
You climb downwards.
There is a stone staircase leading up here.
You climb upwards.
There is a stone staircase leading down here.
Found a fuming blue potion.
k - a fuming blue potion
Found 20 stones.
You open the door.
There is an open door here.
Found 7 gold pieces.
As you open the door, it creaks loudly!
You hear an angry hiss.
You hear a shout!
A leopard gecko comes into view.
A hobgoblin comes into view. It is wielding a club.
The leopard gecko barely misses you.
Found a scroll labeled YNUNA SYAS HIJ.
You see here 7 gold pieces.
You now have 34 gold pieces (gained 7).
The leopard gecko closely misses you.
You hit the leopard gecko. Your grab misses the leopard gecko.
The leopard gecko is lightly wounded.
The leopard gecko barely misses you.
You miss the leopard gecko. Your grab misses the leopard gecko.
You squeeze the leopard gecko.
The leopard gecko is almost dead.
The leopard gecko misses you. The hobgoblin barely misses you.
You hit the leopard gecko.
You kill the leopard gecko!
Lugonu accepts your kill.
You have reached level 2!
You hit the hobgoblin but do no damage. You grab the hobgoblin.
You constrict the hobgoblin. The hobgoblin hits you with a club.
You hit the hobgoblin but do no damage.
The hobgoblin is lightly wounded.
You constrict the hobgoblin. The hobgoblin hits you with a club.
You hit the hobgoblin.
You kill the hobgoblin!
Lugonu accepts your kill.
Things that are here:
a club; a hobgoblin corpse You see here a leopard gecko corpse.
l - a scroll labeled YNUNA SYAS HIJ You open the door.
Found a smoky amethyst potion.
You open the door.
There is an open door here.
Found a ring mail.
m - a smoky amethyst potion You open the door.
A rat comes into view.
Found a ration.
There is an open door here.
The rat closely misses you.
You hit the rat.
You kill the rat!
Lugonu accepts your kill.
You see here a rat corpse.
A worm comes into view.
b - 3 rations (gained 1)
You hit the worm. You grab the worm.
The worm is moderately wounded.
You constrict the worm. The worm bites you!
Ouch! That really hurt!
* * * LOW HITPOINT WARNING * * *
You hit the worm but do no damage. You squeeze the worm.
The worm is heavily wounded.
You constrict the worm. You hit the worm but do no damage.
You squeeze the worm.
The worm is severely wounded.
You constrict the worm. The worm bites you!
Ouch! That really hurt!
You die...

.#.... .. ###.#..#
##########.##. #####.#......#
#..........##.##
#..(..##..#..#
#..........##...
#.######.....# #.........#
#... #............#
#..†......# #...
####..<......####.........#
#... #.........#...####'#####
#...
######....+.@w+....#######...
#####...##[........'...
#...##.#########... #...##.
#'#. #...##. ..... ######
...... ...... .......
........


You could see a worm.

Vanquished Creatures
  A leopard gecko (D:2)
  A giant cockroach (D:1)
  A goblin (D:1)
  A hobgoblin (D:2)
  A kobold (D:1)
  3 rats
8 creatures vanquished.

Notes
Turn   | Place    | Note
-------+----------+-------------------------------------------
     0 | Abyss:1  | tidbits the Octopode Abyssal Knight began the quest for the Orb.
     0 | Abyss:1  | Reached XP level 1. HP: 16/16 MP: 2/2
     5 | Abyss:1  | Noticed a small abomination
    38 | Abyss:1  | Noticed a raiju
    42 | Abyss:1  | Noticed a spatial vortex
    82 | Abyss:1  | Noticed an iron imp
    83 | Abyss:1  | Noticed a small abomination
    87 | D:1      | Escaped the Abyss
    91 | D:1      | Found a runed door.
   791 | D:2      | Reached XP level 2. HP: 21/21 MP: 3/3
   834 | D:2      | Mangled by a worm

Action                   || total
-------------------------++-------
Melee: Short sword       ||    17
       Tentacles         ||     4
       Constrict         ||     3
Invok: Depart the Abyss  ||     1
 Stab: Sleeping          ||     1
Dodge: Dodged            ||     8

Table legend:
 A = Turns spent in this place as a percentage of turns spent in the entire game.
 B = Non-inter-level travel turns spent in this place as a percentage of non-inter-level travel turns spent in the entire game.
 C = Inter-level travel turns spent in this place as a percentage of turns spent in this place.
 D = Turns resting spent in this place as a percentage of non-inter-level travel turns spent in this place.
 E = Turns spent auto-exploring this place as a percentage of non-inter-level travel turns spent in this place.
 F = Non-inter-level travel turns spent in this place divided by the number of levels of this place that you've seen.
                   A       B       C       D       E      F
               +-------+-------+-------+-------+-------+----------------------
         Total | 100.0 | 100.0 |  11.3 |   0.0 |   0.0 | 185.0
       Dungeon |  89.6 |  88.2 |  12.6 |   0.0 |   0.0 | 217.7
         Abyss |  10.4 |  11.8 |   0.0 |   0.0 |   0.0 |  87.0
               +-------+-------+-------+-------+-------+----------------------

Table legend:
 A = Kills in this place as a percentage of kills in entire the game.
 B = Kills by you in this place as a percentage of kills by you in the entire game.
 C = Kills by friends in this place as a percentage of kills by friends in the entire game.
 D = Other kills in this place as a percentage of other kills in the entire game.
 E = Experience gained in this place as a percentage of experience gained in the entire game.
 F = Experience gained in this place divided by the number of levels of this place that you have seen.
                   A       B       C       D       E      F
               +-------+-------+-------+-------+-------+----------------------
         Total | 100.0 | 100.0 |   N/A |   N/A | 100.0 |   3.2
       Dungeon | 100.0 | 100.0 |   N/A |   N/A | 100.0 |   4.3
               +-------+-------+-------+-------+-------+----------------------

Vault maps used:
D:1:      dpeg_arrival_caged_fury
D:2:      first_ration, uniq_jessica, uniq_terence
D:3:      okawaru_ov_weapons_minmay
